AoeStats
← SeemsFishy

Arena

509883093Analyzed
4v4 RM · 3d ago on Sep 28, 2026· 65m 10s· 8 players
Game mode
Random Map
Map size
Large (8 player)
Population
200
Speed
Normal
Resources
Standard
Victory
Conquest
Starting age
Dark Age
Ending age
Imperial Age
RankedLock teamsTeams togetherTeam positionsShared explorationLock speedFull tech treeHidden civsTurbo modeCheats
Victory
Defeat
🇦🇷 Saxons · Argentina
1428
+15
🇨🇳 Varangians · China
1425
+15
🇨🇳 Armenians · China
1413
+15
🇲🇽 Lithuanians · Mexico
1326
+19
🇩🇪 Cumans · Germany
1409
-16
🇨🇳 Persians · China
1400
-16
🇬🇧 Koreans · United Kingdom
1397
-16
🇹🇼 Saxons · Taiwan
1395
-16
SeemsFishy
10:34 Feudal Age
14:54 Castle Age
13:25 Double-Bit Axe
14:40 Horse Collar
16:00 Bow Saw
16:13 Heavy Plow
19:07 Loom
21:01 Stone Mining
22:27 Wheelbarrow
21:52 Gold Mining
24:28 Hand Cart
24:03 Loom
26:23 Gold Shaft Mining
26:37 Stone Shaft Mining
28:54 Imperial Age
26:20 Fletching
27:24 Bodkin Arrow
27:52 Ballistics
27:43 Fortified Wall
27:18 Treadmill Crane
27:49 Masonry
27:07 Crossbowman
28:57 Eupseong
29:38 Bracer
29:00 Arbalester
31:26 Chemistry
31:02 Siege Engineers
32:08 Architecture
33:31 Conscription
36:40 Chemistry
37:03 Thumb Ring
40:43 Murder Holes
40:35 Arrowslits
40:48 Murder Holes
40:48 Elite Skirmisher
42:46 Scale Mail Armor
42:57 Forging
42:11 Pikeman
42:51 Squires
43:32 Halberdier
49:53 Chain Mail Armor
51:49 Plate Mail Armor
53:19 Iron Casting
62:35 Coinage
Lynx
9:31 Feudal Age
10:05 Double-Bit Axe
12:11 Horse Collar
16:35 Wheelbarrow
21:45 Castle Age
19:43 Loom
19:59 Gold Mining
20:01 Stone Mining
23:11 Hand Cart
22:57 Heavy Plow
23:10 Bow Saw
24:20 Gold Shaft Mining
25:12 Fletching
27:15 Thumb Ring
27:08 Bodkin Arrow
27:32 Bloodlines
28:11 Ballistics
27:54 Padded Archer Armor
31:20 Imperial Age
28:24 Capped Ram
30:08 Steppe Husbandry
30:41 Leather Archer Armor
30:57 Masonry
31:38 Elite Kipchak
32:39 Conscription
32:48 Parthian Tactics
33:30 Chemistry
33:06 Crop Rotation
33:50 Ring Archer Armor
34:27 Two-Man Saw
33:33 Onager
35:00 Siege Ram
44:09 Caravan
46:29 Elite Skirmisher
牛拉松
10:56 Feudal Age
11:45 Double-Bit Axe
14:34 Castle Age
12:32 Horse Collar
15:32 Bow Saw
21:05 Stone Mining
21:06 Gold Mining
21:45 Heavy Plow
21:56 Loom
23:50 Wheelbarrow
25:03 Gold Shaft Mining
25:08 Hand Cart
29:47 Imperial Age
27:20 Scale Mail Armor
27:11 Fletching
27:31 Forging
27:11 Pikeman
27:52 Squires
28:24 Padded Archer Armor
28:40 Chain Mail Armor
29:22 Ballistics
28:52 Guard Tower
28:45 Treadmill Crane
29:03 Bodkin Arrow
29:08 Arson
29:13 Gambesons
28:48 Man-at-Arms
30:10 Town Watch
31:34 Chemistry
30:19 Arrowslits
31:10 Keep
30:09 Halberdier
30:10 Elite Varangian Guard
31:12 Conscription
31:39 Plate Mail Armor
31:44 Iron Casting
30:56 Long Swordsman
32:03 Bracer
32:00 Two-Handed Swordsman
32:56 Champion
34:21 Shield Wall
36:30 Leather Archer Armor
36:24 Siege Engineers
36:29 Masonry
36:17 Murder Holes
38:44 Ring Archer Armor
38:19 Scale Barding Armor
41:21 Caravan
41:51 Coinage
42:12 Hoardings
45:52 Architecture
52:54 Fortified Wall
61:13 Crop Rotation
62:19 Two-Man Saw
61:49 Elite Skirmisher
62:35 Thumb Ring
秦墨子
10:21 Feudal Age
14:17 Castle Age
12:45 Double-Bit Axe
13:00 Horse Collar
15:15 Wheelbarrow
16:57 Wheelbarrow
17:07 Loom
22:12 Hand Cart
22:09 Heavy Plow
23:42 Bow Saw
28:07 Imperial Age
26:01 Forging
25:57 Scale Barding Armor
25:47 Fletching
26:19 Ballistics
26:09 Padded Archer Armor
26:20 Town Watch
26:32 Bodkin Arrow
27:22 Forging
27:18 Scale Barding Armor
27:30 Gold Mining
27:30 Stone Mining
27:53 Husbandry
28:03 Bloodlines
28:50 Conscription
27:53 Cavalier
29:10 Iron Casting
29:33 Savar
29:38 Light Cavalry
32:25 Blast Furnace
31:46 Chain Barding Armor
32:14 Gold Shaft Mining
32:16 Stone Shaft Mining
32:13 Crop Rotation
33:11 Plate Barding Armor
36:19 Citadels
36:19 Hussar
41:41 Elite Skirmisher
42:27 Thumb Ring
44:10 Leather Archer Armor
49:39 Chemistry
49:26 Crossbowman
54:48 Kamandaran
57:05 Two-Man Saw
IiLeo M
11:20 Feudal Age
11:55 Double-Bit Axe
14:48 Castle Age
21:02 Town Watch
22:04 Loom
22:58 Wheelbarrow
25:02 Hand Cart
25:44 Gold Mining
25:35 Horse Collar
25:41 Double-Bit Axe
29:37 Imperial Age
27:54 Scale Barding Armor
28:00 Forging
28:05 Bow Saw
27:59 Heavy Plow
28:08 Loom
28:57 Stone Mining
29:45 Bloodlines
29:35 Husbandry
29:58 Chain Barding Armor
31:27 Stone Shaft Mining
31:42 Conscription
32:14 Plate Barding Armor
32:40 Iron Casting
32:13 Elite Leitis
36:37 Caravan
39:22 Chemistry
43:38 Murder Holes
43:54 Fortified Wall
50:49 Light Cavalry
51:44 Winged Hussar
53:55 Fletching
57:10 Bodkin Arrow
Imrik
10:15 Feudal Age
14:10 Castle Age
12:01 Double-Bit Axe
12:28 Horse Collar
18:02 Bow Saw
18:14 Town Watch
19:07 Loom
21:46 Wheelbarrow
22:58 Hand Cart
22:45 Stone Mining
23:00 Gold Mining
27:40 Imperial Age
25:46 Heavy Plow
26:01 Pikeman
26:41 Squires
26:29 Arson
26:46 Scale Mail Armor
27:31 Gold Shaft Mining
26:51 Treadmill Crane
27:32 Ballistics
28:15 Chain Mail Armor
28:10 Forging
28:32 Bloodlines
28:22 Husbandry
28:08 Halberdier
31:19 Two-Man Saw
31:30 Conscription
30:30 Shield Wall
32:09 Iron Casting
32:49 Chemistry
32:44 Crop Rotation
32:19 Shield Wall
34:03 Plate Mail Armor
33:24 Fletching
33:40 Elite Hearth Troop
35:22 Bodkin Arrow
35:41 Masonry
36:20 Hoardings
37:00 Bracer
37:54 Fortified Wall
38:15 Architecture
39:23 Thumb Ring
38:38 Cranequins
39:20 Husbandry
40:08 Heavy Mounted Crossbowman
40:56 Padded Archer Armor
42:30 Leather Archer Armor
44:54 Ring Archer Armor
44:37 Capped Ram
46:55 Siege Ram
51:06 Caravan
Mllento
9:48 Feudal Age
14:00 Castle Age
12:40 Double-Bit Axe
13:20 Horse Collar
15:01 Bow Saw
16:38 Loom
18:36 Wheelbarrow
17:48 Loom
21:05 Hand Cart
20:54 Town Watch
22:11 Gold Mining
22:33 Heavy Plow
24:24 Stone Mining
29:36 Imperial Age
27:38 Scale Barding Armor
27:44 Forging
28:37 Stone Shaft Mining
28:45 Chain Barding Armor
28:20 Treadmill Crane
28:51 Fortified Wall
30:02 Iron Casting
29:43 Elite Jarl
30:44 Conscription
30:30 Husbandry
31:27 Plate Barding Armor
31:29 Bloodlines
32:44 Blast Furnace
32:23 Guilds
32:36 Fletching
33:25 Pikeman
34:05 Squires
36:26 Bodkin Arrow
36:52 Gambesons
38:07 Bracer
41:22 Halberdier
41:49 Arson
46:48 Masonry
48:33 Coinage
48:03 Caravan
48:11 Padded Archer Armor
48:43 Ballistics
47:47 Light Cavalry
50:49 Elite Skirmisher
51:46 Leather Archer Armor
53:40 Banking
55:13 Hussar
60:53 Siege Engineers
61:49 Chemistry
61:00 Fortified Wall
65:01 Architecture
66:28 Two-Man Saw
66:02 Crop Rotation
車
10:31 Feudal Age
14:15 Castle Age
12:24 Double-Bit Axe
13:11 Horse Collar
21:00 Gold Mining
22:17 Wheelbarrow
24:07 Bow Saw
23:48 Stone Mining
24:33 Gold Shaft Mining
24:45 Loom
25:37 Heavy Plow
26:01 Hand Cart
29:06 Imperial Age
27:07 Fletching
27:17 Padded Archer Armor
28:21 Ballistics
29:05 Hand Cart
28:57 Bodkin Arrow
29:20 Leather Archer Armor
29:17 Treadmill Crane
29:10 Elite Composite Bowman
30:10 Conscription
30:58 Chemistry
30:56 Caravan
31:20 Bracer
32:08 Hoardings
32:17 Ring Archer Armor
33:18 Masonry
36:44 Elite Skirmisher
36:55 Capped Ram
39:09 Siege Ram
43:18 Fereters
45:55 Man-at-Arms
46:20 Gambesons
46:35 Squires
46:22 Arson
46:42 Scale Mail Armor
46:52 Forging
55:13 Long Swordsman
56:12 Chain Mail Armor
56:32 Iron Casting
60:05 Fortified Wall
60:49 Two-Handed Swordsman
61:55 Champion
Connection lost

Rejoining the realm…

Still unreachable

The connection could not be restored.

Session expired

The server has moved on; the page needs a fresh start.